EL
AKRON RUBBERDUCKS @ CHATTANOOGA LOOKOUTS
07/28/2048
 
TOP OF THE 1ST
Akron RubberDucks batting - Pitching for Chattanooga Lookouts : RHP Tom Winsor
Pitching: RHP Tom Winsor
Batting: LHB Nick Welling 0-0: Ball
1-0: Ball
2-0: Fly out, F8 (Flyball, 8RD, EV 96.9 MPH)
Batting: RHB Danny Anderson 0-0: Called Strike
0-1: Ball
1-1: Ball
2-1: Ball
3-1: Fly out, F8 (Flyball, 8RS, EV 90.0 MPH)
Batting: RHB Alex Vasquez 0-0: Called Strike
0-1: Ground out 6-3 (Groundball, 6, EV 108.1 MPH)
Top of the 1st over - 0 runs, 0 hits, 0 errors, 0 left on base; Akron 0 - Chattanooga 0
BOTTOM OF THE 1ST
Chattanooga Lookouts batting - Pitching for Akron RubberDucks : RHP Gordie Pierson
Pitching: RHP Gordie Pierson
Batting: SHB Matt Urbani 0-0: Ground out 1-3 (Groundball, 34S, EV 75.6 MPH)
Batting: RHB John Dew 0-0: Ball
1-0: Called Strike
1-1: Ball
2-1: Foul Ball, location: 2F
2-2: Ball
3-2: Base on Balls
Batting: LHB Marshall Daul 0-0: Ball
John Dew is caught stealing 2nd base 2-6
1-0: Ball
2-0: Foul Ball, location: 2F
2-1: Ball
3-1: Called Strike
3-2: Strikes out swinging
Bottom of the 1st over - 0 runs, 0 hits, 0 errors, 0 left on base; Akron 0 - Chattanooga 0
TOP OF THE 2ND
Akron RubberDucks batting - Pitching for Chattanooga Lookouts : RHP Tom Winsor
Batting: RHB Rico Coss 0-0: Fly out, F9 (Flyball, 9LSF, EV 88.8 MPH)
Batting: SHB Jarrod Lindblad 0-0: Ball
1-0: Ball
2-0: Ball
3-0: Base on Balls
Batting: RHB Jose Valtierra 0-0: Ball
1-0: Ball
2-0: Swinging Strike
2-1: Ball
Jarrod Lindblad is caught stealing 2nd base 2-4
3-1: SINGLE (Groundball, 6MD, EV 101.9 MPH)
Batting: RHB Joeri Plas 0-0: Ball
1-0: SINGLE (Line Drive, 56D, EV 96.9 MPH)
Jose Valtierra to second
Batting: RHB Chris Folse 0-0: Ball
1-0: DOUBLE (Line Drive, 8RXD, EV 112.5 MPH)
Jose Valtierra scores
Joeri Plas to third
Runner from 3rd tries for Home, SAFE, throw by CF to home
Batting: SHB Javon Mitchell 0-0: Ground out U3 (Groundball, 3, EV 105.6 MPH)
Top of the 2nd over - 2 runs, 3 hits, 0 errors, 1 left on base; Akron 2 - Chattanooga 0
BOTTOM OF THE 2ND
Chattanooga Lookouts batting - Pitching for Akron RubberDucks : RHP Gordie Pierson
Batting: RHB Leo Gonzalez 0-0: Fly out, F9 (Line Drive, 9, EV 105.0 MPH)
Batting: LHB Jon Ventura 0-0: Called Strike
0-1: Ball
1-1: Ball
2-1: Ball
3-1: Base on Balls
Batting: RHB Michael McDonald 0-0: Ball
1-0: Called Strike
Jon Ventura is caught stealing 2nd base 2-4
1-1: Called Strike
1-2: Ball
2-2: Fly out, F7 (Flyball, 78M, EV 82.5 MPH)
Bottom of the 2nd over - 0 runs, 0 hits, 0 errors, 0 left on base; Akron 2 - Chattanooga 0
TOP OF THE 3RD
Akron RubberDucks batting - Pitching for Chattanooga Lookouts : RHP Tom Winsor
Batting: LHB Nick Welling 0-0: Called Strike
0-1: Ball
1-1: Ball
2-1: Ball
3-1: Base on Balls
Batting: RHB Danny Anderson 0-0: Ball
Nick Welling steals 2nd base
1-0: Ball
Nick Welling steals 3rd base (no throw)
2-0: Swinging Strike
2-1: Foul Ball, location: 2F
2-2: 2-RUN HOME RUN (Flyball, 9LD, EV 98.1 MPH), Distance : 353 ft
Batting: RHB Alex Vasquez 0-0: Ball
1-0: Foul Ball, location: 2F
1-1: Foul Ball, location: 2F
1-2: Foul Ball, location: 2F
1-2: Ball
2-2: Foul Ball, location: 2F
2-2: Foul Ball, location: 2F
2-2: Foul Ball, location: 2F
2-2: Ground out 6-3 (Groundball, 6, EV 89.4 MPH)
Batting: RHB Rico Coss 0-0: SINGLE (Groundball, P, EV 92.5 MPH) (infield hit)
Batting: SHB Jarrod Lindblad 0-0: Ball
Rico Coss steals 2nd base
1-0: Foul Ball, location: 2F
1-1: Ball
Rico Coss is caught stealing 3rd base 2-5
2-1: Called Strike
2-2: Ball
3-2: Foul Ball, location: 2F
3-2: Fly out, F9 (Flyball, 9S, EV 87.5 MPH)
Top of the 3rd over - 2 runs, 2 hits, 0 errors, 0 left on base; Akron 4 - Chattanooga 0
BOTTOM OF THE 3RD
Chattanooga Lookouts batting - Pitching for Akron RubberDucks : RHP Gordie Pierson
Batting: LHB Israel Montoya 0-0: Swinging Strike
0-1: Swinging Strike
0-2: Foul Ball, location: 2F
0-2: Foul Ball, location: 2F
0-2: Ball
1-2: Strikes out swinging
Batting: RHB Nick Phipps 0-0: Called Strike
0-1: Ball
1-1: Swinging Strike
1-2: Fly out, F8 (Flyball, 8LXD, EV 103.8 MPH)
Batting: RHB Jose Gracia 0-0: Ball
1-0: Swinging Strike
1-1: Ball
2-1: Called Strike
2-2: Foul Ball, location: 2F
2-2: Strikes out swinging
Bottom of the 3rd over - 0 runs, 0 hits, 0 errors, 0 left on base; Akron 4 - Chattanooga 0
TOP OF THE 4TH
Akron RubberDucks batting - Pitching for Chattanooga Lookouts : RHP Tom Winsor
Batting: RHB Jose Valtierra 0-0: Called Strike
0-1: Ball
1-1: Ball
2-1: Ball
3-1: Base on Balls
Batting: RHB Joeri Plas 0-0: Foul Ball, location: 2F
0-1: Swinging Strike
0-2: Ball
1-2: Strikes out swinging
Batting: RHB Chris Folse 0-0: Called Strike
0-1: Ball
1-1: Ball
2-1: Called Strike
2-2: Strikes out swinging
Batting: SHB Javon Mitchell 0-0: Called Strike
0-1: Ball
1-1: Ball
2-1: Reached on error, E4 (Groundball, 4M, EV 81.2 MPH)
Jose Valtierra to second
Batting: LHB Nick Welling 0-0: Ball
1-0: Called Strike
1-1: Foul Ball, location: 2F
1-2: Foul Ball, location: 2F
1-2: Strikes out swinging
Top of the 4th over - 0 runs, 0 hits, 1 error, 2 left on base; Akron 4 - Chattanooga 0
BOTTOM OF THE 4TH
Chattanooga Lookouts batting - Pitching for Akron RubberDucks : RHP Gordie Pierson
Batting: SHB Matt Urbani 0-0: Ball
1-0: Called Strike
1-1: Ball
2-1: Called Strike
2-2: Strikes out swinging
Batting: RHB John Dew 0-0: Called Strike
0-1: Swinging Strike
0-2: Strikes out looking
Batting: LHB Marshall Daul 0-0: Called Strike
0-1: Ball
1-1: Foul Ball, location: 2F
1-2: Ball
2-2: Fly out, F9 (Flyball, 89S, EV 88.1 MPH)
Bottom of the 4th over - 0 runs, 0 hits, 0 errors, 0 left on base; Akron 4 - Chattanooga 0
TOP OF THE 5TH
Akron RubberDucks batting - Pitching for Chattanooga Lookouts : RHP Tom Winsor
Batting: RHB Danny Anderson 0-0: Swinging Strike
0-1: Called Strike
0-2: Ball
1-2: Ball
2-2: Foul Ball, location: 2F
2-2: Foul Ball, location: 2F
2-2: Ground out 5-3 (Groundball, 56, EV 90.0 MPH)
Batting: RHB Alex Vasquez 0-0: Called Strike
0-1: Foul Ball, location: 2F
0-2: Ball
1-2: Strikes out swinging
Batting: RHB Rico Coss 0-0: Ball
1-0: Fly out, F8 (Flyball, 89S, EV 81.2 MPH)
Top of the 5th over - 0 runs, 0 hits, 0 errors, 0 left on base; Akron 4 - Chattanooga 0
BOTTOM OF THE 5TH
Chattanooga Lookouts batting - Pitching for Akron RubberDucks : RHP Gordie Pierson
Batting: RHB Leo Gonzalez 0-0: Ball
1-0: Ground out 6-3 (Groundball, 6, EV 106.2 MPH)
Batting: LHB Jon Ventura 0-0: Ball
1-0: Ball
2-0: Ground out U3 (Groundball, 34, EV 78.8 MPH)
Batting: RHB Michael McDonald 0-0: Ground out 1-3 (Groundball, 25, EV 73.8 MPH)
Bottom of the 5th over - 0 runs, 0 hits, 0 errors, 0 left on base; Akron 4 - Chattanooga 0
TOP OF THE 6TH
Akron RubberDucks batting - Pitching for Chattanooga Lookouts : RHP Tom Winsor
Batting: SHB Jarrod Lindblad 0-0: Swinging Strike
0-1: Foul Ball, location: 2F
0-2: DOUBLE (Groundball, 3L, EV 106.2 MPH)
Batting: RHB Jose Valtierra 0-0: Swinging Strike
0-1: Foul Ball, location: 2F
0-2: Ball
1-2: Strikes out looking
Pitching: RHP Orlando Guapo
Batting: RHB Joeri Plas 0-0: Fly out, F9 (Flyball, 89D, EV 97.5 MPH)
Batting: RHB Chris Folse 0-0: Called Strike
0-1: Ball
1-1: Ball
2-1: Ball
3-1: SINGLE (Line Drive, 8LS, EV 107.5 MPH)
Jarrod Lindblad to third
Runner from 3rd tries for Home, throw by CF and OUT! 8-2
Top of the 6th over - 0 runs, 2 hits, 0 errors, 1 left on base; Akron 4 - Chattanooga 0
BOTTOM OF THE 6TH
Chattanooga Lookouts batting - Pitching for Akron RubberDucks : RHP Gordie Pierson
Batting: LHB Israel Montoya 0-0: Called Strike
0-1: Ball
1-1: Ball
2-1: Foul Ball, location: 2F
2-2: Ball
3-2: Ground out U3 (Groundball, 23, EV 86.2 MPH)
Batting: RHB Nick Phipps 0-0: Ball
1-0: Ball
2-0: Fly out, F7 (Line Drive, 78M, EV 95.0 MPH)
Batting: RHB Jose Gracia 0-0: Called Strike
0-1: Foul Ball, location: 2F
0-2: Foul Ball, location: 2F
0-2: Ball
1-2: Ground out 6-3 (Groundball, 6, EV 98.8 MPH)
Bottom of the 6th over - 0 runs, 0 hits, 0 errors, 0 left on base; Akron 4 - Chattanooga 0
TOP OF THE 7TH
Akron RubberDucks batting - Pitching for Chattanooga Lookouts : RHP Orlando Guapo
Batting: SHB Javon Mitchell 0-0: Ground out 5-3 (Groundball, 56S, EV 85.6 MPH)
Batting: LHB Nick Welling 0-0: SINGLE (Groundball, 4MD, EV 99.4 MPH)
Batting: RHB Danny Anderson 0-0: Ball
1-0: Ball
2-0: Called Strike
2-1: Fly out, F9 (Flyball, 9S, EV 89.4 MPH)
Batting: RHB Alex Vasquez 0-0: Ball
Nick Welling steals 2nd base
1-0: Ball
2-0: Ground out 6-3 (Groundball, 6, EV 108.8 MPH)
Top of the 7th over - 0 runs, 1 hit, 0 errors, 1 left on base; Akron 4 - Chattanooga 0
BOTTOM OF THE 7TH
Chattanooga Lookouts batting - Pitching for Akron RubberDucks : RHP Gordie Pierson
Now at 1B: Willie Gonzales
Batting: SHB Matt Urbani 0-0: Ball
1-0: Ball
2-0: Called Strike
2-1: Foul Ball, location: 2F
2-2: Foul Ball, location: 2F
2-2: Foul Ball, location: 2F
2-2: SINGLE (Groundball, 34D, EV 107.5 MPH)
Batting: RHB John Dew 0-0: Ball
1-0: Ball
2-0: Ground out 5-3 (Groundball, 56S, EV 65.0 MPH)
Matt Urbani to second
Batting: LHB Marshall Daul 0-0: Called Strike
0-1: Ball
1-1: Ball
2-1: Foul Ball, location: 2F
2-2: Foul Ball, location: 2F
2-2: Ball
3-2: Base on Balls
Batting: RHB Leo Gonzalez 0-0: Called Strike
0-1: Ground out 5-3 (Groundball, 56S, EV 70.0 MPH)
Matt Urbani to third
Marshall Daul to second
Batting: LHB Jon Ventura 0-0: Swinging Strike
0-1: Ball
1-1: Ground out 6-3 (Groundball, 6, EV 101.2 MPH)
Bottom of the 7th over - 0 runs, 1 hit, 0 errors, 2 left on base; Akron 4 - Chattanooga 0
TOP OF THE 8TH
Akron RubberDucks batting - Pitching for Chattanooga Lookouts : RHP Orlando Guapo
Pinch Hitting: LHB Jesus Romero 0-0: Ball
1-0: Foul Ball, location: 2F
1-1: Swinging Strike
1-2: Ball
2-2: Strikes out looking
Batting: SHB Jarrod Lindblad 0-0: Called Strike
0-1: Foul Ball, location: 2F
0-2: Ball
1-2: SOLO HOME RUN (Flyball, 89XD, EV 99.4 MPH), Distance : 395 ft
Batting: RHB Jose Valtierra 0-0: Ball
1-0: Ball
2-0: Called Strike
2-1: Ground out 6-3 (Groundball, 6, EV 103.8 MPH)
Batting: RHB Joeri Plas 0-0: Called Strike
0-1: Called Strike
0-2: Strikes out swinging
Top of the 8th over - 1 run, 1 hit, 0 errors, 0 left on base; Akron 5 - Chattanooga 0
BOTTOM OF THE 8TH
Chattanooga Lookouts batting - Pitching for Akron RubberDucks : RHP Gordie Pierson
Now at 1B: Jesus Romero
Now at 2B: Willie Gonzales
Batting: RHB Michael McDonald 0-0: Called Strike
0-1: Swinging Strike
0-2: Ball
1-2: Foul Ball, location: 2F
1-2: DOUBLE (Flyball, 8LXD, EV 86.2 MPH)
Batting: LHB Israel Montoya 0-0: Ball
1-0: Ball
2-0: Ball
3-0: Called Strike
3-1: Ground out 6-3 (Groundball, 6M, EV 86.9 MPH)
Michael McDonald to third
Pitching: RHP Danny Bustos
Now at 1B: Willie Gonzales
Now at 2B: Tristan Wright
Batting: RHB Nick Phipps 0-0: Called Strike
0-1: Ball
1-1: Foul Ball, location: 2F
1-2: Strikes out looking
Batting: RHB Jose Gracia 0-0: Ground out 5-3 (Groundball, 5S, EV 60.6 MPH)
Bottom of the 8th over - 0 runs, 1 hit, 0 errors, 1 left on base; Akron 5 - Chattanooga 0
TOP OF THE 9TH
Akron RubberDucks batting - Pitching for Chattanooga Lookouts : RHP Orlando Guapo
Batting: RHB Chris Folse 0-0: Ball
1-0: Called Strike
1-1: Called Strike
1-2: Ball
2-2: Fly out, F9 (Flyball, 9, EV 75.0 MPH)
Batting: SHB Javon Mitchell 0-0: Ball
1-0: Foul Ball, location: 2F
1-1: Ball
2-1: Swinging Strike
2-2: Foul Ball, location: 2F
2-2: Foul Ball, location: 2F
2-2: Foul Ball, location: 2F
2-2: Strikes out swinging
Batting: LHB Nick Welling 0-0: Ground out 4-3 (Groundball, 34, EV 100.0 MPH)
Top of the 9th over - 0 runs, 0 hits, 0 errors, 0 left on base; Akron 5 - Chattanooga 0
BOTTOM OF THE 9TH
Chattanooga Lookouts batting - Pitching for Akron RubberDucks : RHP Danny Bustos
Batting: SHB Matt Urbani 0-0: Called Strike
0-1: Ball
1-1: Ball
2-1: Swinging Strike
2-2: Foul Ball, location: 2F
2-2: Ball
3-2: DOUBLE (Line Drive, 9LM, EV 111.9 MPH)
Batting: RHB John Dew 0-0: Ball
1-0: Swinging Strike
1-1: Ground out 6-3 (Groundball, 56, EV 101.9 MPH)
Batting: LHB Marshall Daul 0-0: Called Strike
0-1: Foul Ball, location: 2F
0-2: Ball
1-2: SINGLE (Line Drive, 9LS, EV 111.9 MPH)
Matt Urbani to third
Batting: RHB Leo Gonzalez Pickoff Throw to First - Out! 1-3
0-0: Ball
1-0: Foul Ball, location: 2F
1-1: Called Strike
1-2: Strikes out looking
Bottom of the 9th over - 0 runs, 2 hits, 0 errors, 1 left on base; Akron 5 - Chattanooga 0
Tuesday, March 28th , 2023 - OOTP Baseball 23.10 Build 110